 Dungeon Crawl Stone Soup version 0.31-a0-152-g6aa68a64a1 (webtiles) character file.

Game seed: 11527888364800057345

138 qw the Shooter (level 5, -8/49 HPs)
             Began as a Naga Hunter on June 10, 2023.
             Mangled by an ogre
             ... wielding a +0 giant spiked club
              (14 damage)
             ... on level 3 of the Dungeon.
             The game lasted 00:00:38 (1169 turns).

qw the Shooter (Naga Hunter)                        Turns: 1169, Time: 00:00:38

Health: -8/49      AC:  3    Str: 13    XL:     5   Next: 21%
Magic:  5/5        EV:  9    Int:  9    God:
Gold:   137        SH:  0    Dex: 17    Spells: 4/4 levels left

rFire   . . .        Y - +0 shortbow
rCold   . . .        (shield currently unavailable)
rNeg    . . .        c - +0 leather armour
rPois   +            (no helmet)
rElec   .            (no cloak)
rCorr   .            (no gloves)
SInv    +            (no barding)
Will    .....        (no amulet)
Stlth   ++           (no ring)
HPRegen 0.28/turn    (no ring)
MPRegen 0.09/turn

%: no passive effects
@: very slow
A: AC +1, large, see invisible, deformed body, poison resistance, slowness 2,
spit poison 1, naga tail 1
a: Spit Poison


You were on level 3 of the Dungeon.
You visited 1 branch of the dungeon, and saw 3 of its levels.

You collected 137 gold pieces.


Innate Abilities, Weirdness & Mutations

Your serpentine skin is tough. (AC +1)
You have supernaturally acute eyesight. (SInv)
Armour fits poorly on your strangely shaped body.
Your system is resistant to poisons. (rPois)
You cover ground very slowly.
You can spit poison.
You have a snake-like lower body.


   Skills:
 - Level 3.0 Fighting
 + Level 5.3 Ranged Weapons
 - Level 1.5 Dodging
 - Level 1.5 Stealth


You had 4 spell levels left.
You didn't know any spells.
Your spell library was empty.

Inventory:

Hand Weapons
 Y - a +0 shortbow (weapon)
Armour
 c - a +0 leather armour (worn)
 f - a +0 helmet
Potions
 a - a potion of enlightenment {unknown}
 b - a potion of cancellation {unknown}
 d - 2 potions of curing
 e - 2 potions of might {unknown}

Dungeon Overview and Level Annotations

Branches:
Dungeon (3/15)

Altars:

Shops:
D:1 !   D:3 [


Message History

1161 ||| INVOKING Spit Poison.
Aiming: Spit Poison (1% risk of failure)
Press: ? - help, Shift-Dir - straight line, f/p - worm The splash of poison hits the worm!
The worm is poisoned.
The worm is severely wounded.
The bat hits you but does no damage. The bat hits you.
You shoot an arrow.
The arrow hits the worm but does no damage.
The worm is severely wounded.
The bat hits you. The worm closely misses you.
You shoot an arrow. The arrow hits the worm.
The worm is severely wounded.
The bat hits you but does no damage. The worm misses you.
You shoot an arrow. The arrow hits the worm.
The worm is severely wounded.
You have got your breath back.
The worm looks more healthy.
The bat hits you but does no damage.
1165 ||| INVOKING Spit Poison.
Aiming: Spit Poison (1% risk of failure)
Press: ? - help, Shift-Dir - straight line, f/p - worm The splash of poison hits the worm!
The worm is poisoned.
You kill the worm!
The bat hits you but does no damage.
You shoot an arrow. The arrow barely misses the ogre.
The bat closely misses you.
The ogre hits you with a +0 giant spiked club!!
You shoot an arrow. The arrow hits the ogre!
The ogre is moderately wounded.
The bat hits you but does no damage. The bat hits you.
The ogre hits you with a +0 giant spiked club!!
The bat hits you but does no damage.
You shoot an arrow. The arrow barely misses the ogre.
The bat hits you but does no damage.
You shoot an arrow.
The arrow hits the ogre but does no damage.
The ogre is moderately wounded.
You have got your breath back.
The bat barely misses you.
The ogre hits you with a +0 giant spiked club!
You die...

....######..##
.######......#
##.......#
#........#####
#........#...# ##
#........#.8.+ ..
#........#...# .#
#........#.b.#.#
#........'.8@O#
#........#..[#l.#
#........#...#
..#
#...../..#.8.+
..#
#........#...# .+
##.......##### #
##.....## #######


You could see an ogre, an iguana and a bat.

Vanquished Creatures
  4 gnolls (D:2)
  3 adders
  6 dart slugs
  2 worms (D:3)
  5 bats
  2 endoplasms
  3 giant cockroaches
  8 goblins
  5 hobgoblins
  4 jackals (D:1)
  4 kobolds
  2 quokkas
  3 ball pythons (D:1)
  4 frilled lizards
  2 rats
57 creatures vanquished.

Notes
Turn   | Place    | Note
-------+----------+-------------------------------------------
     0 | D:1      | qw the Naga Hunter began the quest for the Orb.
     0 | D:1      | Reached XP level 1. HP: 19/19 MP: 1/1
     0 | D:1      | 0 ||| qw: Version: 0.2-a-122-gbc61b45
     0 | D:1      | 0 ||| qw: Game counter: 3616
     0 | D:1      | 0 ||| qw: Always use a shield: true
     0 | D:1      | 0 ||| qw: God list: Okawaru
     0 | D:1      | 0 ||| qw: Allow faded altars: false
     0 | D:1      | 0 ||| qw: Do Orc after D:15 true
     0 | D:1      | 0 ||| qw: Do second Lair branch before Depths: true
     0 | D:1      | 0 ||| qw: Lair rune preference: random
     0 | D:1      | 0 ||| qw: Plans: Normal
     0 | D:1      | 0 ||| PLANNING D:1-11
     3 | D:1      | 3 ||| INVOKING Spit Poison.
    15 | D:1      | 15 ||| INVOKING Spit Poison.
    16 | D:1      | Reached skill level 4 in Ranged Weapons
    16 | D:1      | Reached XP level 2. HP: 26/26 MP: 2/2
    21 | D:1      | 21 ||| INVOKING Spit Poison.
    82 | D:1      | 82 ||| INVOKING Spit Poison.
    89 | D:1      | 89 ||| INVOKING Spit Poison.
    98 | D:1      | Found Zeavuitt's Distillery.
   107 | D:1      | 107 ||| SHOPLISTING potion of cancellation (88 gold, have
                  | 17).
   107 | D:1      | 107 ||| SHOPLISTING potion of curing (33 gold, have 17).
   107 | D:1      | 107 ||| SHOPLISTING potion of haste (110 gold, have 17).
   107 | D:1      | 107 ||| SHOPLISTING potion of might (44 gold, have 17).
   107 | D:1      | 107 ||| SHOPLISTING potion of mutation (88 gold, have 17).
   116 | D:1      | 116 ||| INVOKING Spit Poison.
   148 | D:1      | 148 ||| INVOKING Spit Poison.
   154 | D:1      | Reached XP level 3. HP: 32/32 MP: 3/3
   195 | D:1      | 195 ||| INVOKING Spit Poison.
   313 | D:1      | 313 ||| INVOKING Spit Poison.
   340 | D:1      | 340 ||| INVOKING Spit Poison.
   352 | D:1      | 352 ||| FLEEEEING.
   353 | D:1      | 353 ||| FLEEEEING.
   361 | D:1      | 361 ||| INVOKING Spit Poison.
   408 | D:1      | 408 ||| READING scroll labelled SAMYID LECLEPE.
   409 | D:1      | 409 ||| READING scroll labelled ACEAXE DIEZOQU.
   410 | D:1      | 410 ||| DRINKING 3 metallic orange potions.
   411 | D:1      | 411 ||| DROPPING scroll of butterflies.
   445 | D:2      | 445 ||| INVOKING Spit Poison.
   469 | D:2      | 469 ||| INVOKING Spit Poison.
   536 | D:2      | 536 ||| INVOKING Spit Poison.
   560 | D:2      | 560 ||| INVOKING Spit Poison.
   565 | D:2      | 565 ||| INVOKING Spit Poison.
   571 | D:2      | 571 ||| INVOKING Spit Poison.
   587 | D:2      | 587 ||| INVOKING Spit Poison.
   629 | D:2      | 629 ||| INVOKING Spit Poison.
   634 | D:2      | Reached skill level 5 in Ranged Weapons
   634 | D:2      | Reached XP level 4. HP: 33/39 MP: 4/4
   685 | D:2      | 685 ||| INVOKING Spit Poison.
   688 | D:2      | 688 ||| INVOKING Spit Poison.
   691 | D:2      | 691 ||| INVOKING Spit Poison.
   697 | D:2      | 697 ||| INVOKING Spit Poison.
   702 | D:2      | 702 ||| INVOKING Spit Poison.
   706 | D:2      | HP: 9/40 [gnoll/+0 whip (6)]
   707 | D:2      | 707 ||| INVOKING Spit Poison.
   708 | D:2      | Reached skill level 3 in Fighting
  1002 | D:2      | 1002 ||| INVOKING Spit Poison.
  1046 | D:3      | 1046 ||| INVOKING Spit Poison.
  1051 | D:3      | 1051 ||| INVOKING Spit Poison.
  1098 | D:3      | 1098 ||| INVOKING Spit Poison.
  1099 | D:3      | Reached XP level 5. HP: 49/49 MP: 5/5
  1100 | D:3      | Found Jonn's Armour Emporium.
  1103 | D:3      | 1103 ||| INVOKING Spit Poison.
  1110 | D:3      | 1110 ||| SHOPLISTING +2 leather armour of poison resistance
                  | (160 gold, have 123).
  1149 | D:3      | 1149 ||| INVOKING Spit Poison.
  1154 | D:3      | Noticed an ogre
  1155 | D:3      | 1155 ||| INVOKING Spit Poison.
  1161 | D:3      | 1161 ||| INVOKING Spit Poison.
  1165 | D:3      | 1165 ||| INVOKING Spit Poison.
  1167 | D:3      | HP: 6/49 [ogre/+0 giant spiked club (23)]
  1169 | D:3      | Mangled by an ogre

Levels and vault maps discovered:
D:1:      wander_arrival_lonely_grave, layout_rooms, serial_shops, shop,
          patterned_corridor
D:2:      layout_basic, minmay_misc_feat_secret_circle
D:3:      minmay_chambers_of_threes, layout_rooms,
          ebering_ecumenical_altar_sacrificial, serial_shops, shop

Skill      XL: |  1  2  3  4 |
---------------+-------------+-----
Ranged Weapons | 4 5 |  5.3
Fighting       | 3 |  3.0
Dodging        | |  1.5
Stealth        | |  1.5

Action                     |  1- 3 |  4- 6 || total
---------------------------+-------+-------++-------
   Fire: Shortbow          |    66 |    41 ||   107
Ability: Spit Poison       |    19 |    15 ||    34
    Use: Scroll            |     2 |       ||     2
         Potion            |     1 |       ||     1
 Armour: Leather armour    |     5 |    13 ||    18
  Dodge: Dodged            |     9 |    16 ||    25

Table legend:
 A = Non-vault XP
 B = Vault XP
 C = Vault XP percentage of total XP
 D = Non-vault monster count
 E = Vault monster count
 F = Vault count percentage of total count
                 A         B        C        D         E       F
            +---------+---------+-------+---------+---------+-------
      Total |     179 |      19 |   9.6 |      54 |       3 |   5.3
            +---------+---------+-------+---------+---------+-------
        D:1 |      53 |       0 |   0.0 |      28 |       0 |   0.0
        D:2 |     101 |       0 |   0.0 |      20 |       0 |   0.0
        D:3 |      25 |      19 |  43.2 |       6 |       3 |  33.3
            +---------+---------+-------+---------+---------+-------
